 Dungeon Crawl Stone Soup version 0.17.1-3-g152610e (webtiles) character file.

11470 Goblin1989 the Grappler (level 11, -8/114 HPs)
             Began as a Yellow Draconian Transmuter on Mar 8, 2016.
             Was an Elder of Cheibriados.
             Mangled by a yak (17 damage)
             ... on level 2 of the Lair of Beasts.
             The game lasted 01:20:12 (15167 turns).

Goblin1989 the Grappler (DrTm)                     Turns: 15167, Time: 01:20:12

Health: -8/114     AC:  7    Str: 23    XL:     11   Next: 49%
Magic:  16/16      EV: 17    Int: 26    God:    Cheibriados [****..]
Gold:   702        SH:  0    Dex: 22    Spells: 6 memorised, 3 levels left

rFire  x . .     SeeInvis .       - Unarmed
rCold  + + +     Clarity  .     (armour unavailable)
rNeg   . . .     SustAt   .     (shield currently unavailable)
rPois  +         Gourm    .     (helmet currently unavailable)
rElec  .         Spirit   .     (cloak currently unavailable)
rCorr  .         Warding  .     (gloves currently unavailable)
rMut   .         Stasis   .     (boots currently unavailable)
MR     .....                    e - amulet of regeneration
Stlth  +++.......               l - ring of Huhuz {rC+ Stlth+}
                                G - ring of wizardry

@: ice-form, repel missiles, very slow, not resistant to hostile enchantments,
fairly stealthy
A: (spit acid), (acid resistance), unfitting armour, (cold-blooded), AC +7
a: End Transformation, Bend Time, Temporal Distortion, Slouch, Renounce Religion


You were on level 2 of the Lair of Beasts.
You worshipped Cheibriados.
Cheibriados was greatly pleased with you.
You were not hungry.
You were a creature of crystalline ice.
You visited 3 branches of the dungeon, and saw 12 of its levels.
You also visited: Ice Cave.

You collected 702 gold pieces.

Inventory:

Missiles
 a - 227 arrows (quivered)
 y - 3 throwing nets
Armour
 k - a +1 cloak (melded)
 J - a +1 pair of gloves of dexterity (melded)
Magical Staves
 n - an uncursed staff of fire
 u - an uncursed staff of summoning
Jewellery
 e - an amulet of regeneration (around neck)
 l - the ring of Huhuz (right front paw) {rC+ Stlth+}
   (You found it on level 7 of the Dungeon)

   [ring of protection from cold]

   It protects you from cold.
   It makes you more stealthy.
 p - an uncursed amulet of the gourmand {unknown}
 B - an uncursed ring of protection from cold
 G - a ring of wizardry (left front paw)
Wands
 j - a wand of flame (20)
 v - a wand of draining (0)
 H - a wand of flame (18)
 M - a wand of confusion (28)
Scrolls
 d - 5 scrolls of teleportation
 h - a scroll of recharging {unknown}
 i - a scroll of holy word {unknown}
 m - 6 scrolls of amnesia
 o - a scroll of noise {unknown}
 q - a scroll of blinking {unknown}
 r - 2 scrolls of enchant armour
 A - 6 scrolls of remove curse {unknown}
 E - 3 scrolls of immolation
 F - a scroll of fog {unknown}
 O - a scroll of magic mapping
Potions
 f - 2 potions of cancellation
 s - 3 potions of curing
 t - 3 potions of brilliance
 w - a potion of resistance
 x - 3 potions of lignification {unknown}
 z - a potion of cure mutation
 C - 2 potions of flight
 D - 3 potions of magic {unknown}
 K - a potion of agility
 N - a potion of degeneration {unknown}
Books
 b - a book of Changes

   Spells                             Type                      Level
   a - Beastly Appendage              Transmutation                1
   b - Sticks to Snakes               Transmutation                2
   c - Spider Form                    Transmutation/Poison         3
   d - Ice Form                       Ice/Transmutation            4
   e - Blade Hands                    Transmutation                5
 L - a book of Minor Magic

   Spells                             Type                      Level
   a - Magic Dart                     Conjuration                  1
   b - Blink                          Translocation                2
   c - Call Imp                       Summoning                    2
   d - Repel Missiles                 Charms/Air                   2
   e - Slow                           Hexes                        2
   f - Conjure Flame                  Conjuration/Fire             3
   g - Mephitic Cloud                 Conjuration/Poison/Air       3
Comestibles
 c - 13 bread rations
 g - 4 meat rations
 I - a slice of pizza


   Skills:
 * Level 8.5 Fighting
 * Level 7.7 Dodging
 - Level 11.4 Unarmed Combat
 + Level 3.8 Spellcasting
 - Level 5.6 Transmutations
 - Level 5.4 Ice Magic
 + Level 4.1 Invocations


You had 3 spell levels left.
You knew the following spells:

 Your Spells              Type           Power        Failure   Level  Hunger
a - Beastly Appendage     Trmt           ####..       1%          1    None
b - Sticks to Snakes      Trmt           ####......   1%          2    None
c - Ice Form              Ice/Trmt       ####....     4%          4    ####...
d - Spider Form           Trmt/Pois      ###.......   4%          3    ##.....
e - Repel Missiles        Chrm/Air       #.....       7%          2    None
f - Blink                 Tloc           N/A          7%          2    None


Dungeon Overview and Level Annotations

Branches:
Dungeon (9/15)             Temple (1/1) D:5            Lair (2/8) D:8
    Orc: D:9-12

Altars:
Ashenzari
Cheibriados
Dithmenos
Elyvilon
Fedhas
Gozag
Kikubaaqudgha
Makhleb
Nemelex Xobeh
Okawaru
Qazlal
Ru
Sif Muna
Trog
Vehumet
Xom
Yredelemnul
Zin
The Shining One

Annotations:
D:3 Terence
D:6 kaze's ghost, novice TrBe
D:7 exclusion: upstairs
Lair:2 exclusion: ice statue


Innate Abilities, Weirdness & Mutations

((You can spit globs of acid.))
((You are resistant to acid.))
((Your golden yellow scales are hard (AC +7).))
Your body does not fit into most forms of armour.
((You are cold-blooded and may be slowed by cold attacks.))


Message History

The yak gores you!
* * * LOW HITPOINT WARNING * * *
You punch the yak! You freeze the yak.
The yak is heavily wounded.
The yak misses you.
You barely miss the yak.
The yak is heavily wounded.
You punch the yak! You freeze the yak.
The yak is almost dead.
The yak closely misses you.
You pummel the yak!! You freeze the yak.
You kill the yak!
Cheibriados appreciates the change of pace.
The yak gores you.
* * * LOW HITPOINT WARNING * * *
You hit the yak but do no damage. You punch the yak! You freeze the yak.
The yak is heavily wounded.
The yak gores you!
You die...

#.# ##..## #..## ##....##
#.####....# #...# #...###
#...#.....## ##..### #....#
#...P.#....###.P.#.####...##
#.#...........P...###..#<.#
#.#.......#P..............##
..#..........####..#.#....P#
.............###.##†###...###
................YY†.........#
..P###.##....######.#......##
..####.##.....# #####.....#
..# #..##.....####..##.....##
..###...#..#.......≈........#
..##⌠.≈.≈..........≈≈≈.⌠P..##
..##.≈≈≈≈..........≈≈.≈.≈..#
.###≈≈≈≈.≈≈≈≈..≈≈≈≈..≈≈≈#..#
....≈≈≈.≈≈≈≈≈≈≈≈≈≈≈≈.≈≈≈...#


You could see a yak.

Vanquished Creatures
  An ice dragon (Lair:2)
  A manticore (D:9)
  A black mamba (Lair:1)
  A spiny frog (Lair:1)
  A komodo dragon (Lair:1)
  2 polar bears (Lair:2)
  Prince Ribbit (D:8)
  A slime creature (D:8)
  A wraith (D:8)
  A spriggan (D:7)
  9 yaks
  2 hippogriffs (Lair:1)
  Eustachio (D:5)
  2 water moccasins
  A black bear (D:9)
  20 ice beasts
  A sky beast (D:7)
  2 slaves (D:6)
  3 centaurs
  A porcupine (Lair:1)
  2 orc warriors
  2 phantoms
  5 ogres
  6 big kobolds
  4 giant frogs
  5 killer bees
  A scorpion (D:6)
  2 vampire bats (D:9)
  A quasit (D:9)
  7 orc priests
  A crimson imp (D:9)
  A giant frog zombie (D:6)
  7 orc wizards
  Ijyb (D:2)
  2 centaur skeletons (D:4)
  A giant frog skeleton (D:8)
  Jessica (D:2)
  9 iguanas
  6 worker ants
  4 sheep (Lair:1)
  A hound zombie (D:7)
  2 worker ant zombies
  Robin (D:2)
  8 adders
  8 gnolls
  38 river rats
  A shadow imp (D:8)
  2 white imps (Lair:2)
  An adder zombie (D:8)
  3 giant geckos
  32 orcs
  4 ball pythons
  8 bats
  3 bat skeletons (D:9)
  A bat zombie (D:9)
  7 giant cockroaches
  27 hobgoblins
  10 jackals
  14 kobolds
  4 quokkas
  4 giant newts
  46 goblins
  6 rats
  A fungus (D:8)
  A plant (D:8)
354 creatures vanquished.

Vanquished Creatures (collateral kills)
  Pikel (D:6)
  An ogre (D:4)
  An ice beast (D:6)
  An orc priest (D:3)
  2 orcs (D:3)
  2 goblins (D:2)
8 creatures vanquished.

Vanquished Creatures (others)
  A giant cockroach (D:4)
  2 fungi
3 creatures vanquished.

Grand Total: 365 creatures vanquished

Notes
Turn   | Place    | Note
--------------------------------------------------------------
     0 | D:1      | Goblin1989 the Draconian Transmuter began the quest for the Orb.
     0 | D:1      | Reached XP level 1. HP: 16/16 MP: 3/3
   362 | D:1      | Reached XP level 2. HP: 23/23 MP: 5/5
   366 | D:1      | Learned a level 2 spell: Sticks to Snakes
   755 | D:2      | Noticed Robin
   756 | D:2      | Reached skill level 4 in Unarmed Combat
  1152 | D:2      | Killed Robin
  1152 | D:2      | Reached XP level 3. HP: 25/28 MP: 2/6
  1200 | D:2      | Noticed Jessica
  1214 | D:2      | Killed Jessica
  1524 | D:2      | Reached XP level 4. HP: 35/35 MP: 7/7
  1571 | D:2      | Reached skill level 5 in Unarmed Combat
  1826 | D:2      | Noticed Ijyb
  1867 | D:2      | Killed Ijyb
  2468 | D:2      | Learned a level 4 spell: Ice Form
  2483 | D:3      | Reached XP level 5. HP: 26/40 MP: 3/8
  2712 | D:3      | Noticed Terence
  3273 | D:3      | Reached skill level 6 in Unarmed Combat
  3584 | D:4      | Noticed a phantom
  3684 | D:4      | Found a basalt altar of Yredelemnul.
  3750 | D:4      | Reached skill level 1 in Ice Magic
  4174 | D:4      | Killed a phantom
  4174 | D:4      | Reached XP level 6. HP: 22/47 MP: 5/9
  4547 | D:4      | Noticed an ogre
  4558 | D:4      | Killed an ogre
  4866 | D:5      | Entered Level 5 of the Dungeon
  4892 | D:5      | Found a sparkling altar of Nemelex Xobeh.
  4946 | D:5      | Found a deep blue altar of Sif Muna.
  4990 | D:5      | Found a shattered altar of Ashenzari.
  5025 | D:5      | Noticed Eustachio
  5030 | D:5      | Found a staircase to the Ecumenical Temple.
  5052 | D:5      | Killed Eustachio
  5052 | D:5      | Reached skill level 7 in Unarmed Combat
  5052 | D:5      | Your scales start taking on a golden yellow colour.
  5052 | D:5      | Reached XP level 7. HP: 52/52 MP: 6/10
  5060 | Temple   | Entered the Ecumenical Temple
  5647 | D:6      | Noticed kaze's ghost (novice TrBe)
  6096 | D:6      | Reached skill level 8 in Unarmed Combat
  6114 | D:6      | Noticed Pikel
  6167 | D:7      | Reached XP level 8. HP: 31/59 MP: 11/11
  6626 | D:6      | Killed Pikel
  6649 | D:6      | Reached skill level 9 in Unarmed Combat
  6665 | D:6      | Reached skill level 5 in Transmutations
  6761 | D:6      | Reached skill level 5 in Ice Magic
  7277 | D:7      | Reached XP level 9. HP: 57/64 MP: 7/12
  7788 | D:7      | Reached skill level 10 in Unarmed Combat
  8076 | D:7      | Found a blossoming altar of Fedhas.
  8220 | D:7      | Got a shimmering lead ring
  8221 | D:7      | Identified the ring of Huhuz {rC+ Stlth+} (You found it on level 7 of the Dungeon)
  8237 | D:7      | Learned a level 3 spell: Spider Form
  8667 | D:7      | Noticed a spriggan baker
  8669 | D:7      | Killed a spriggan baker
  8720 | D:8      | Found a shimmering altar of Xom.
  9001 | D:8      | Found an iron altar of Okawaru.
  9049 | D:8      | Found a staircase to the Lair.
  9070 | D:8      | Got a warped morningstar
  9120 | D:8      | Identified the +11 morningstar "Hiufi" {crush, rC+} (You found it on level 8 of the Dungeon)
  9249 | D:8      | Noticed Prince Ribbit
  9257 | D:8      | Killed Prince Ribbit
  9257 | D:8      | Reached skill level 11 in Unarmed Combat
  9983 | D:8      | Reached XP level 10. HP: 78/78 MP: 8/13
 10423 | D:6      | Found an opulent altar of Gozag.
 11717 | D:8      | Reached skill level 5 in Fighting
 11761 | D:9      | Found a shadowy altar of Dithmenos.
 11761 | D:9      | Found a bloodstained altar of Trog.
 11762 | D:9      | Found a snail-covered altar of Cheibriados.
 11770 | D:9      | Became a worshipper of Cheibriados the Contemplative
 11774 | D:9      | Learned a level 2 spell: Repel Missiles
 12069 | D:9      | Reached * piety under Cheibriados
 12085 | D:9      | Found an ancient bone altar of Kikubaaqudgha.
 12089 | D:9      | Reached skill level 5 in Dodging
 12125 | D:9      | Noticed a manticore
 12134 | D:9      | Killed a manticore
 12841 | Lair:1   | Entered Level 1 of the Lair of Beasts
 12973 | Lair:1   | Reached skill level 1 in Invocations
 12994 | Lair:1   | HP: 5/100 [river rat (6)]
 12995 | Lair:1   | HP: 1/100 [river rat (3)]
 13001 | Lair:1   | HP: 5/100 [river rat (4)]
 13003 | Lair:1   | Reached ** piety under Cheibriados
 13003 | Lair:1   | HP: 1/100 [river rat (5)]
 13604 | Lair:1   | Noticed a black mamba
 13613 | Lair:1   | Killed a black mamba
 13613 | Lair:1   | Reached XP level 11. HP: 92/92 MP: 2/15
 13847 | Lair:2   | Learned a level 2 spell: Blink
 13921 | Lair:2   | Found a frozen archway.
 13951 | IceCv    | Entered an ice cave
 13972 | IceCv    | Reached *** piety under Cheibriados
 14515 | Lair:2   | Noticed an ice dragon
 14549 | Lair:2   | Found a blossoming altar of Fedhas.
 14658 | Lair:2   | Killed an ice dragon
 14785 | Lair:2   | Reached **** piety under Cheibriados
 15167 | Lair:2   | Mangled by a yak

Action                   |  1- 3 |  4- 6 |  7- 9 | 10-12 || total
-------------------------+-------+-------+-------+-------++-------
Melee: Unarmed           |    95 |   156 |   271 |   465 ||   987
       Staff             |       |   112 |       |       ||   112
 Cast: Beastly Appendage |     4 |    10 |     7 |       ||    21
       Sticks to Snakes  |     3 |    29 |     9 |    12 ||    53
       Ice Form          |       |     1 |    25 |    47 ||    73
       Repel Missiles    |       |       |       |     1 ||     1
       Spider Form       |       |       |       |     1 ||     1
 Abil: Spit Acid         |       |       |       |     1 ||     1
       End Transformatio |       |       |       |     1 ||     1
Evoke: Wand              |       |       |       |    10 ||    10
  Use: Scroll            |       |    10 |     4 |     2 ||    16
       Potion            |       |     4 |     2 |     5 ||    11
 Stab: Sleeping          |     2 |     1 |     1 |     6 ||    10
       Distracted        |       |       |     1 |     1 ||     2
  Eat: Chunk             |     2 |     6 |    16 |    15 ||    39
       Meat ration       |       |     1 |     1 |     1 ||     3
       Fruit             |       |     1 |       |     7 ||     8
       Beef jerky        |       |     1 |       |     1 ||     2
       Pizza             |       |       |     1 |       ||     1
